 Dungeon Crawl Stone Soup version 0.13.1-28-g3517093 (console) character file.

53341 Priest the Cleaver (level 14, -7/88 HPs)
             Began as a Gargoyle Berserker on Feb 26, 2014.
             Was a High Priest of Trog.
             Blown up by an orb spider (19 damage)
             ... with a wavering orb of destruction
             ... on Level 5 of the Spider Nest.
             The game lasted 01:24:37 (8915 turns).

Priest the Cleaver (Gargoyle Berserker)             Turns: 8915, Time: 01:24:37

HP  -7/88        AC 39     Str 20      XL: 14   Next: 62%
MP  13/13        EV  6     Int 10      God: Trog [*****.]
Gold 1252        SH  0     Dex 15      Spells:  0 memorised, 13 levels left

Res.Fire  : + . .   See Invis. : +   Y - +3,+10 battleaxe of Cowardice {venom, rN+ Dex+4}
Res.Cold  : . . .   Warding    : .   I - +9 plate armour of the Three Suns {SInv Curse}
Life Prot.: + + .   Conserve   : +   (no shield)
Res.Poison: +       Res.Corr.  : .   R - +0 helmet
Res.Elec. : +       Clarity    : .   e - +0 elf cloak
Sust.Abil.: . .     Spirit.Shd : .   (no gloves)
Res.Mut.  : .       Stasis     : .   A - +0 pair of boots
Res.Rott. : +       Flight     : +   B - amulet of conservation
Saprovore : . . .                    v - ring of protection from fire
                                     o - cursed -2 ring of intelligence

@: regenerating, exhausted, flying, slowed, very slow, very resistant to hostile
enchantments, extremely unstealthy
A: large and strong wings, fangs 1, talons 2, life protection 1, electricity
resistance, slow metabolism 1, unbreathing, petrification resistance, AC +9
a: Stop Flying, Burn Spellbooks, Berserk, Trog's Hand, Brothers in Arms,
Renounce Religion


You were on level 5 of the Spider Nest.
You worshipped Trog.
Trog was extremely pleased with you.
You were hungry.

You visited 3 branches of the dungeon, and saw 23 of its levels.
You also visited: Labyrinth and Sewer.

You collected 1232 gold pieces.

Inventory:

Hand weapons
 Y - the +3,+10 battleaxe of Cowardice (weapon) {venom, rN+ Dex+4}
   (Trog gifted it to you on level 6 of the Lair of Beasts)

   It poisons the flesh of those it strikes.
   It affects your dexterity (+4).
   It protects you from negative energy.
Armour
 e - a +0 elven cloak (worn)
 n - a +2 dwarven chain mail of magic resistance
 A - a +0 pair of boots (worn)
 I - the cursed +9 plate armour of the Three Suns (worn) {SInv Curse}
   (You found it in a labyrinth)

   It enhances your eyesight.
   It may recurse itself.
   It has a curse placed upon it.
 R - a +0 helmet (worn)
Magical devices
 t - a wand of disintegration (10) {unknown}
 z - a wand of lightning (6) {unknown}
 J - a wand of disintegration (18) {unknown}
 L - a wand of polymorph (7) {unknown}
 M - a wand of digging (13) {unknown}
 S - a wand of digging (15) {unknown}
Comestibles
 c - 8 bread rations
Scrolls
 a - 7 scrolls of noise {unknown}
 b - 2 scrolls of curse jewellery {unknown}
 f - 8 scrolls of teleportation
 k - 8 scrolls of remove curse
 m - 3 scrolls of magic mapping {unknown}
 q - 3 scrolls of recharging {unknown}
 r - a scroll of silence
 u - 4 scrolls of blinking {unknown}
 y - a scroll of holy word
 C - 2 scrolls of fear
 F - 3 scrolls of amnesia {unknown}
 T - 2 scrolls of enchant weapon II
 W - a scroll of fog
 Z - a scroll of torment
Jewellery
 j - an uncursed amulet of guardian spirit
 o - a cursed -2 ring of intelligence (left hand)
 v - a ring of protection from fire (right hand)
 B - an amulet of conservation (around neck)
Potions
 g - a potion of brilliance
 i - 7 potions of curing
 s - 4 potions of heal wounds
 E - 4 potions of speed
 Q - a potion of invisibility
 V - a potion of might {unknown}
 X - 2 potions of berserk rage
Books
 w - a book of the Warp

   Spells                             Type                      Level
   Recall                             Summoning/Translocation      3
   Control Teleport                   Charms/Translocation         4
   Phase Shift                        Translocation                5
   Warp Weapon                        Charms/Translocation         5
   Dispersal                          Translocation                6
   Controlled Blink                   Translocation                7
   Disjunction                        Translocation                8
   Trog disapproves of the use of such an item.
 x - a book of Summonings

   Spells                             Type                      Level
   Abjuration                         Summoning                    3
   Recall                             Summoning/Translocation      3
   Summon Elemental                   Summoning                    4
   Shadow Creatures                   Summoning                    5
   Summon Demon                       Summoning                    5
   Summon Ugly Thing                  Summoning                    6
   Trog disapproves of the use of such an item.
 D - a book of Clouds

   Spells                             Type                      Level
   Mephitic Cloud                     Conjuration/Poison/Air       3
   Conjure Flame                      Conjuration/Fire             3
   Poisonous Cloud                    Conjuration/Poison/Air       6
   Freezing Cloud                     Conjuration/Ice/Air          6
   Ring of Flames                     Charms/Fire                  7
   Trog disapproves of the use of such an item.
 N - a book of the Earth

   Spells                             Type                      Level
   Dig                                Earth                        4
   Leda's Liquefaction                Hexes/Earth                  4
   Bolt of Magma                      Conjuration/Fire/Earth       5
   Statue Form                        Transmutation/Earth          6
   Iron Shot                          Conjuration/Earth            6
   Shatter                            Earth                        9
   Trog disapproves of the use of such an item.
 O - a book of Geomancy

   Spells                             Type                      Level
   Sandblast                          Earth                        1
   Stoneskin                          Transmutation/Earth          2
   Passwall                           Transmutation/Earth          3
   Stone Arrow                        Conjuration/Earth            3
   Petrify                            Transmutation/Earth          4
   Lee's Rapid Deconstruction         Earth                        5
   Trog disapproves of the use of such an item.
 P - a Necronomicon {highlevel}

   This book is beyond your current level of understanding.

   Spells                             Type                      Level
   Borgnjor's Revivification          Necromancy                   7
   Haunt                              Necromancy/Summoning         7
   Death's Door                       Charms/Necromancy            8
   Necromutation                      Transmutation/Necromancy     8
   Trog disapproves of the use of such an item.
 U - a book of Power

   Spells                             Type                      Level
   Iskenderun's Mystic Blast          Conjuration                  4
   Venom Bolt                         Conjuration/Poison           5
   Bolt of Magma                      Conjuration/Fire/Earth       5
   Fulminant Prism                    Conjuration/Hexes            5
   Iron Shot                          Conjuration/Earth            6
   Orb of Destruction                 Conjuration                  7
   Trog disapproves of the use of such an item.
Miscellaneous
 l - an ornate deck of changes
 p - a fan of gales
 G - a disc of storms
 H - a box of beasts


   Skills:
 + Level 11.9 Fighting
 * Level 14.1 Axes
 + Level 14.1 Armour
 + Level 9.3 Dodging


You had 13 spell levels left.
You didn't know any spells.

Dungeon Overview and Level Annotations

Branches:
Dungeon (10/27)            Temple (0/1) D:6            Lair (8/8) D:10
 Shoals (0/5) Lair:3       Spider (5/5) Lair:6        Slime (0/6) Lair:8
    Orc: D:6-11

Altars:
Makhleb
Zin
Jiyva

Shops:
D:6 /

Annotations:
D:5 Pikel
D:10 Eustachio, Sonja


Innate Abilities, Weirdness & Mutations

You are resistant to torment.
You are immune to poison.
You can fly continuously.
Your stone body is very resilient (AC +9).
Your wings are large and strong.
You have very sharp teeth.
You have razor-sharp toenails.
You resist negative energy.
You are resistant to electric shocks.
You have a slow metabolism.
You can survive without breathing.
You are immune to petrification.


Message History

Trog accepts your kill.
You are no longer berserk.
You are exhausted.
You feel yourself slow down.
You are feeling hungry.
You see here an emperor scorpion corpse.
You offer a prayer to Trog.
The emperor scorpion corpse is slowly consumed by flames.
Trog is extremely pleased with you.
The orb spider spins a strand of pure energy.
Use which ability? (? or * to list)
Your skin crawls.
You feel resistant to hostile enchantments.
You feel slightly more hungry.
The orb spider weaves a glowing orb of energy.
The orb spider weaves a glowing orb of energy.
The orb of destruction hits you!
* * * LOW HITPOINT WARNING * * *
The wavering orb of destruction hits you!
You die...

#^....^....!.#####..^
####^≈........≈≈.^#####
##....≈..≈..≈≈≈≈.≈^#
.≈...............≈≈.#
..≈≈.^^...^^≈^.......#
..≈.≈≈.^^.s^≈.≈.^......
.....≈≈^.s≈≈.≈≈.......
≈.≈.≈..≈§.§§..≈≈.≈...
......≈..@§§.≈..≈≈...
..≈....≈≈≈≈...≈........≈.
#≈^≈.≈...≈≈..^≈...≈≈≈≈.≈...≈
#..≈≈{........≈......^..≈≈≈..
#.........≈≈≈≈≈≈≈≈≈≈≈≈≈≈≈.....
#≈≈≈≈..^.≈.≈≈≈≈≈≈≈≈≈≈≈≈≈≈≈....
...≈.≈...^≈≈≈≈≈≈≈≈≈≈≈≈≈≈≈.....
....≈.^≈.≈≈≈≈≈≈≈≈####≈≈≈≈≈..≈
...≈≈≈..≈≈≈≈≈≈≈### ##≈≈≈≈.≈≈


You could see 2 orb spiders.

Vanquished Creatures
  Donald (Spider:5)
  Wiglaf (Spider:3)
  2 emperor scorpions (Spider:5)
  A minotaur (Lab)
  3 hydras
  11 wolf spiders
  Joseph (D:7)
  A moth of wrath (Spider:4)
  2 griffons
  3 red wasps
  Maurice (D:10)
  7 spiny frogs
  A moth of suppression (Spider:4)
  A feature mimic (Lair:6)
  6 komodo dragons
  5 orb spiders
  14 jumping spiders
  10 demonic crawlers
  8 polar bears (Lair:8)
  A troll (D:9)
  6 trapdoor spiders
  11 grizzly bears (Lair:8)
  14 blink frogs
  28 yaks
  A wyvern (D:9)
  25 redbacks
  17 tarantellas
  An elephant slug (Lair:8)
  7 hippogriffs
  3 manticores
  A necrophage (D:7)
  4 porcupines
  A rock worm (Spider:5)
  6 black bears
  6 giant goldfish
  An ice beast (D:5)
  2 centaurs
  9 crocodiles
  4 giant slugs
  A big kobold (Sewer)
  6 giant frogs
  A boring beetle (Lair:4)
  4 agate snails
  8 water moccasins
  2 gnoll sergeants (D:6)
  A troll zombie (D:7)
  3 electric eels (D:6)
  A jellyfish (D:6)
  A crimson imp (D:5)
  3 goliath beetles
  26 spiders
  A giant frog skeleton (D:6)
  2 gnoll shamans (D:6)
  8 hounds
  4 big fish
  4 iguanas
  2 orc wizards (D:9)
  2 scorpions
  2 worker ants
  8 sheep (Lair:6)
  Ijyb (D:7)
  Terence (D:3)
  19 gnolls
  7 adders
  2 giant centipedes
  47 green rats
  6 giant mites
  2 worms (D:6)
  3 grey rats
  17 orcs
  2 giant cockroaches (D:2)
  4 hobgoblins
  11 jackals
  14 kobolds
  8 quokkas
  6 bats
  2 giant geckos
  A giant newt (D:2)
  5 goblins
  A hobgoblin skeleton (D:7)
  2 orc skeletons
  10 rats
  A rat zombie (D:6)
  4 fungi
  5 plants
498 creatures vanquished.

Vanquished Creatures (collateral kills)
  A hydra (Lair:7)
  An adder (Lair:8)
2 creatures vanquished.

Vanquished Creatures (others)
  A jumping spider (Spider:2)
  A spider (Spider:2)
  A giant cockroach (D:6)
  A bat (D:6)
  4 fungi (Lair:8)
  A plant (Lair:8)
9 creatures vanquished.

Grand Total: 509 creatures vanquished

Notes
Turn   | Place    | Note
--------------------------------------------------------------
     0 | D:1      | Priest, the Gargoyle Berserker, began the quest for the Orb.
     0 | D:1      | Reached XP level 1. HP: 14/14 MP: 0/0
   185 | D:1      | Reached XP level 2. HP: 16/19 MP: 1/1
   357 | D:3      | Noticed Terence
   363 | D:3      | Killed Terence
   363 | D:3      | Acquired Trog's second power
   363 | D:3      | Reached XP level 3. HP: 15/24 MP: 2/2
   587 | D:4      | Reached XP level 4. HP: 28/28 MP: 3/3
   652 | D:5      | Entered Level 5 of the Dungeon
   725 | D:5      | Noticed an ice beast
   743 | D:5      | Reached XP level 5. HP: 31/33 MP: 4/4
   749 | D:5      | Killed an ice beast
   749 | D:5      | Reached skill level 4 in Axes
   756 | D:5      | Noticed a slave
   757 | D:5      | Noticed a slave
   758 | D:5      | Noticed Pikel
   822 | D:5      | Reached XP level 6. HP: 33/38 MP: 5/5
  1076 | D:6      | Found a staircase to the Ecumenical Temple.
  1095 | D:6      | Found Boacves' Magical Wand Boutique.
  1158 | D:6      | Noticed a centaur
  1160 | D:6      | Noticed a gnoll sergeant
  1176 | D:6      | Reached XP level 7. HP: 34/43 MP: 6/6
  1187 | D:6      | Reached skill level 5 in Armour
  1192 | D:6      | Killed a centaur
  1198 | D:6      | Killed a gnoll sergeant
  1198 | D:6      | Reached skill level 5 in Axes
  1226 | D:6      | Noticed a gnoll sergeant
  1257 | D:6      | Killed a gnoll sergeant
  1509 | D:6      | Noticed a water moccasin
  1524 | D:6      | Reached XP level 8. HP: 26/48 MP: 4/7
  1530 | D:6      | Killed a water moccasin
  1530 | D:6      | Reached skill level 5 in Fighting
  1530 | D:6      | Reached skill level 6 in Armour
  1560 | D:6      | Noticed a giant goldfish
  1572 | D:6      | Killed a giant goldfish
  1583 | D:6      | Noticed a giant goldfish
  1634 | D:6      | Noticed a giant goldfish
  1716 | D:6      | Found a glowing drain.
  1730 | Sewer    | Entered a sewer
  1840 | Sewer    | Found a white marble altar of Elyvilon.
  1918 | D:6      | Killed a giant goldfish
  1918 | D:6      | Reached skill level 7 in Armour
  1985 | D:6      | Noticed a giant frog
  1997 | D:6      | Killed a giant frog
  2005 | D:6      | Noticed a giant goldfish
  2005 | D:6      | Noticed a giant goldfish
  2053 | D:6      | Found a glowing silver altar of Zin.
  2079 | D:6      | Found a burning altar of Makhleb.
  2080 | D:6      | Noticed an angel
  2080 | D:6      | Noticed a green death
  2103 | D:6      | Acquired Trog's third power
  2114 | D:7      | Noticed Ijyb
  2145 | D:7      | Killed Ijyb
  2298 | D:7      | Noticed Joseph
  2304 | D:7      | Reached XP level 9. HP: 54/54 MP: 5/8
  2315 | D:7      | Killed Joseph
  2318 | D:7      | Reached skill level 8 in Armour
  2518 | D:10     | Entered Level 10 of the Dungeon
  2528 | D:10     | Noticed Eustachio
  2531 | D:10     | Noticed Sonja
  2537 | D:10     | Noticed Maurice
  2543 | D:10     | Found a staircase to the Lair.
  2629 | D:10     | Reached skill level 9 in Armour
  2629 | D:10     | Reached XP level 10. HP: 51/60 MP: 5/9
  2779 | D:10     | Reached skill level 5 in Dodging
  2891 | D:10     | Killed Maurice
  2976 | Lair:1   | Entered Level 1 of the Lair of Beasts
  3020 | Lair:1   | Got a dazzling war axe
  3021 | Lair:1   | Identified the cursed war axe "Plugh" {pain, rPois} (You found it on level 1 of the Lair of Beasts)
  3135 | Lair:1   | Reached skill level 10 in Armour
  3316 | Lair:2   | Reached XP level 11. HP: 19/66 MP: 2/10
  3448 | Lair:2   | You fall through a shaft!
  3482 | Lair:4   | Reached skill level 11 in Armour
  3498 | Lair:4   | Found a labyrinth entrance.
  3509 | Lab      | Entered a labyrinth
  3565 | Lab      | Found an exit through the horrors of the Abyss.
  4601 | Lab      | Noticed a minotaur
  4615 | Lab      | Killed a minotaur
  4622 | Lab      | Got a smelly plate armour
  4654 | Lab      | Identified the +9 plate armour of the Three Suns {SInv Curse} (You found it in a labyrinth)
  4756 | Lair:3   | Reached skill level 10 in Axes
  4847 | Lair:3   | Found a staircase to the Shoals.
  5496 | Lair:5   | Noticed an eight-headed hydra
  5514 | Lair:5   | Killed a 16-headed hydra
  5514 | Lair:5   | Reached skill level 12 in Armour
  5514 | Lair:5   | Reached XP level 12. HP: 33/73 MP: 5/11
  5598 | Lair:5   | Got an ichor-stained robe
  5742 | Lair:6   | Found a hole to the Spider Nest.
  5905 | Lair:6   | Received a gift from Trog
  5907 | Lair:6   | Got a crude battleaxe {god gift}
  5940 | Lair:6   | Identified the +2 robe "Psimp" {rN+ Curse} (You found it on level 5 of the Lair of Beasts)
  5963 | Lair:6   | Identified the battleaxe of Cowardice {god gift, venom, rN+ Dex+4} (Trog gifted it to you on level 6 of the Lair of Beasts)
  6081 | Lair:6   | Got a crude scale mail
  6295 | Lair:8   | Entered Level 8 of the Lair of Beasts
  6452 | Lair:7   | Noticed an eight-headed hydra
  6455 | Lair:7   | Killed a ten-headed hydra
  6574 | Lair:8   | Noticed a six-headed hydra
  6587 | Lair:8   | Killed a ten-headed hydra
  6653 | Lair:8   | Reached skill level 10 in Fighting
  6657 | Lair:8   | Noticed a four-headed hydra
  6669 | Lair:8   | Killed an eight-headed hydra
  6680 | Lair:8   | Reached XP level 13. HP: 80/80 MP: 12/12
  6694 | Lair:8   | Received a gift from Trog
  6742 | Lair:8   | Reached skill level 13 in Armour
  6915 | Lair:8   | Found a staircase to the Slime Pits.
  6916 | Lair:8   | Found a viscous altar of Jiyva.
  7105 | Lair:7   | Got a dazzling spear
  7106 | Lair:7   | Identified the spear "Croe" {flame, SInv} (You found it on level 7 of the Lair of Beasts)
  7213 | Spider:1 | Entered Level 1 of the Spider Nest
  7400 | Spider:3 | Noticed Wiglaf
  7418 | Spider:3 | Killed Wiglaf
  8113 | Spider:4 | Gained mutation: Your wings are large and strong. [gargoyle growth]
  8113 | Spider:4 | Reached XP level 14. HP: 55/87 MP: 13/13
  8157 | Spider:5 | Entered Level 5 of the Spider Nest
  8157 | Spider:5 | Noticed Donald
  8173 | Spider:5 | Killed Donald
  8630 | Spider:5 | Received a gift from Trog
  8752 | Spider:5 | Reached skill level 14 in Armour
  8843 | Spider:5 | Noticed an emperor scorpion
  8843 | Spider:5 | Noticed an emperor scorpion
  8904 | Spider:5 | Killed an emperor scorpion
  8909 | Spider:5 | Killed an emperor scorpion
  8915 | Spider:5 | Blown up by an orb spider

Action                   |  1- 3 |  4- 6 |  7- 9 | 10-12 | 13-15 || total
-------------------------+-------+-------+-------+-------+-------++-------
Melee: Hand axe          |    12 |    75 |   427 |   255 |       ||   769
       Whip              |    81 |    37 |       |       |       ||   118
       War axe           |       |       |       |   600 |       ||   600
       Battleaxe         |       |       |       |   165 |   511 ||   676
Invok: Berserk           |     2 |     4 |     7 |    12 |     8 ||    33
       Trog's Hand       |       |     4 |     8 |    27 |    21 ||    60
       Brothers in Arms  |       |       |       |     1 |       ||     1
 Abil: Fly               |       |       |       |       |     1 ||     1
Evoke: Wand              |       |       |       |    10 |       ||    10
  Use: Scroll            |     3 |     4 |       |     6 |     8 ||    21
       Potion            |       |       |     1 |     4 |       ||     5
